 Dungeon Crawl Stone Soup version 0.26-a0-1132-ge9770dfcb6 (webtiles) character file.

Game seed: 9642707309812015592

448 snetch the Chopper (level 6, -9/84 HPs)
             Began as a Minotaur Berserker on Dec 21, 2020.
             Was a Priest of Trog.
             Mangled by an ogre
             ... wielding a +0 giant club
              (12 damage)
             ... on level 5 of the Dungeon.
             The game lasted 00:08:27 (3475 turns).

snetch the Chopper (Minotaur Berserker)             Turns: 3475, Time: 00:08:28

Health: -9/84      AC:  8    Str: 24    XL:     6   Next: 73%
Magic:  5/5        EV: 11    Int: 10    God:    Trog [***...]
Gold:   258        SH:  5    Dex:  9    Spells: 5/5 levels left

rFire    . . .     SeeInvis .   a - +0 hand axe
rCold    . . .     Faith    .   E - +2 buckler of Ebes {-Tele rPois Int+6}
rNeg     . . .     Spirit   .   A - +0 ring mail
rPois    +         Reflect  .   (helmet restricted)
rElec    .         Harm     .   x - +0 cloak
rCorr    .         Rampage  .   (no gloves)
Will     .....     NoTele   +   g - +0 pair of boots
Stlth    ..........             (no amulet)
HPRegen  0.24/turn              d - ring of attention (curse)
MPRegen  0.09/turn              (no ring)

@: berserking, very quick
A: retaliatory headbutt, horns 2
a: Renounce Religion, Berserk, Trog's Hand


You were on level 5 of the Dungeon.
You worshipped Trog.
Trog was most pleased with you.
You visited 1 branch of the dungeon, and saw 5 of its levels.

You collected 258 gold pieces.

Inventory:

Hand Weapons
 a - a +0 hand axe (weapon)
 b - a +3 dagger
 c - a +2 quarterstaff of chaos
 i - a +0 spear
 j - a +0 flail
Missiles
 q - 33 poisoned darts (quivered)
 s - 57 arrows
 t - 40 bolts
 w - 72 stones
 B - 6 sling bullets
 F - 2 boomerangs
Armour
 g - a +0 pair of boots (worn)
 x - a +0 cloak (worn)
 A - a +0 ring mail (worn)
 E - the +2 buckler of Ebes (worn) {-Tele rPois Int+6}
   (You found it on level 4 of the Dungeon)

   It affects your intelligence (+6).
   It protects you from poison.
   It prevents most forms of teleportation.
Jewellery
 d - a cursed ring of attention (left hand)
Scrolls
 f - a scroll of amnesia {unknown}
 h - 5 scrolls of remove curse {unknown}
 k - a scroll of immolation {unknown}
 l - a scroll of enchant armour {unknown}
 m - 3 scrolls of magic mapping {unknown}
 o - 3 scrolls of random uselessness {unknown}
 p - 4 scrolls of identify {unknown}
 y - 2 scrolls of teleportation {unknown}
 C - a scroll of enchant weapon {unknown}
Potions
 e - 3 potions of resistance {unknown}
 n - a potion of haste {unknown}
 r - a potion of brilliance {unknown}
 u - 2 potions of flight {unknown}
 v - 2 potions of mutation {unknown}
 z - 3 potions of curing {unknown}
 D - a potion of lignification {unknown}


   Skills:
 + Level 5.5 Fighting
 + Level 6.8 Axes
 + Level 3.4 Armour
 + Level 3.8 Dodging
 + Level 0.7 Stealth


You had 5 spell levels left.
You didn't know any spells.
Your spell library was empty.

Dungeon Overview and Level Annotations

Branches:
Dungeon (5/15)
 Temple: D:4-7

Altars:


Innate Abilities, Weirdness & Mutations

You reflexively headbutt those who attack you in melee.
You have a pair of horns on your head.


Message History

The ogre barely misses you.
You hit the ogre. You headbutt the ogre!
The ogre is heavily wounded.
The ogre hits you but does no damage.
You hit the ogre but do no damage. Your headbutt misses the ogre.
The ogre is heavily wounded.
The ogre hits you but does no damage.
You hit the ogre.
The ogre is severely wounded.
The ogre hits you with a +0 giant club!
You barely miss the ogre.
The ogre is severely wounded.
You completely miss the ogre.
The ogre is severely wounded.
The ogre hits you with a +0 giant club!!
* * * LOW HITPOINT WARNING * * *
A red film seems to cover your vision as you go berserk!
You feel yourself moving faster!
You feel mighty! The ogre hits you with a +0 giant club!
You die...

###### # #....
#. #...#
#.##...####
####.........#
.......)....?#
####...@)....#
#.##O).#### #
#...#
O.........#
#.##.........
............#
..#####......>.
# #...#.#.#
#...#.#.#


You could see an ogre.

Vanquished Creatures
  2 ogres (D:4)
  Crazy Yiuf (D:2)
  An orc wizard (D:5)
  7 gnolls
  6 adders
  2 oozes
  4 worms
  2 dart slugs (D:1)
  2 leopard geckos (D:3)
  2 orcs (D:5)
  10 bats
  3 giant cockroaches
  9 goblins
  9 hobgoblins
  4 jackals (D:1)
  3 quokkas (D:2)
  3 ball pythons
  7 frilled lizards
  A jackal zombie (D:5)
  8 kobolds
  8 rats
94 creatures vanquished.

Notes
Turn   | Place    | Note
-------+----------+-------------------------------------------
     0 | D:1      | snetch the Minotaur Berserker began the quest for the Orb.
     0 | D:1      | Reached XP level 1. HP: 19/19 MP: 0/0
    44 | D:1      | Reached XP level 2. HP: 22/27 MP: 1/1
    45 | D:1      | Reached skill level 4 in Axes
   396 | D:1      | Reached XP level 3. HP: 21/34 MP: 2/2
   734 | D:1      | Reached ** piety under Trog
  1318 | D:3      | Reached XP level 4. HP: 41/41 MP: 3/3
  1322 | D:3      | Reached skill level 5 in Axes
  1651 | D:2      | Found a runed translucent door.
  1652 | D:2      | Noticed Crazy Yiuf
  1662 | D:2      | Killed Crazy Yiuf
  1663 | D:2      | Reached XP level 5. HP: 43/47 MP: 4/4
  2388 | D:3      | Reached skill level 5 in Fighting
  2392 | D:3      | Reached *** piety under Trog
  2431 | D:4      | Noticed an ogre
  2441 | D:4      | Killed an ogre
  2442 | D:4      | Reached skill level 6 in Axes
  2442 | D:4      | Reached XP level 6. HP: 33/56 MP: 5/5
  3180 | D:5      | Entered Level 5 of the Dungeon
  3317 | D:4      | Got a masterwork buckler
  3322 | D:4      | Identified the +2 buckler of Ebes {-Tele rPois Int+6} (You
                  | found it on level 4 of the Dungeon)
  3474 | D:5      | HP: 2/56 [ogre/+0 giant club (24)]
  3475 | D:5      | Mangled by an ogre

Illustrated notes

Levels and vault maps discovered:
D:1:      wheals_arrival_shading, layout_rooms, palyth_stone_intersect
D:2:      layout_basic, uniq_crazy_yiuf_cottage
D:3:      layout_loops_ring
D:4:      layout_basic, serial_shops, shop_statue
D:5:      layout_loops_ring, minmay_temple_entry_glassed_door, basic_altar,
          serial_shops, shop

Skill      XL: |  1  2  3  4  5 |
---------------+----------------+-----
Axes           | 4 5 6 |  6.8
Fighting       | 4 5 |  5.5
Dodging        | 3 |  3.8
Armour         | 3 |  3.4
Stealth        | |  0.7

Action                   |  1- 3 |  4- 6 || total
-------------------------+-------+-------++-------
Melee: Hand axe          |    71 |   104 ||   175
       Headbutt          |    12 |    12 ||    24
Invok: Berserk           |     1 |     4 ||     5
Armor: Animal skin       |    11 |       ||    11
       Leather armour    |    15 |    10 ||    25
       Ring mail         |       |    16 ||    16
Dodge: Dodged            |    52 |    63 ||   115
Block: Buckler           |       |     3 ||     3

Table legend: (Time is in decaauts)
 A = Elapsed time spent in this place.
 B = Non-inter-level travel time spent in this place.
 C = Inter-level travel time spent in this place.
 D = Time resting spent in this place.
 E = Time spent auto-exploring this place.
 F = Levels seen in this place.
 G = Mean time per level.
                   A        B        C        D        E       F      G
               +--------+--------+--------+--------+--------+-----+--------+
         Total |   3528 |   3453 |     75 |    225 |   2249 |   5 |  705.6 |
       Dungeon |   3528 |   3453 |     75 |    225 |   2249 |   5 |  705.6 |
               +--------+--------+--------+--------+--------+-----+--------+

Top non-repeatable levels by time:
     D:2: 1265 daAuts
     D:1: 956 daAuts
     D:3: 860 daAuts
     D:4: 422 daAuts
     D:5: 22 daAuts
